 Dungeon Crawl Stone Soup version 0.27.1-1-g398f81649c (webtiles) character file.

Game seed: 21413695997251792

64 funkygono the Firebug (level 4, -1/24 HPs)
             Began as a Gargoyle Fire Elementalist on Sept 19, 2021.
             Slain by a ball python (3 damage)
             ... on level 4 of the Dungeon.
             The game lasted 00:03:20 (1603 turns).

funkygono the Firebug (Gargoyle Fire Elementalist)  Turns: 1603, Time: 00:03:21

Health: -1/24      AC:  5    Str: 17    XL:     4   Next: 12%
Magic:  3/7        EV: 12    Int: 17    God:
Gold:   85         SH:  0    Dex: 10    Spells: 6/7 levels left

rFire    . . .     SeeInvis .   c - +0 club
rCold    . . .     Faith    .   (no shield)
rNeg     + . .     Spirit   .   a - +0 robe
rPois    ∞         Reflect  .   (no helmet)
rElec    +         Harm     .   (no cloak)
rCorr    .         Rampage  .   (no gloves)
Will     .....                  (no boots)
Stlth    ++........             (no amulet)
HPRegen  0.08/turn              d - +6 ring of strength
MPRegen  0.10/turn              (no ring)

@: no status effects
A: sickness immunity, AC +3, negative energy resistance 1, electricity
resistance, torment resistance 1, petrification resistance
a: no special abilities


You were on level 4 of the Dungeon.
You visited 1 branch of the dungeon, and saw 3 of its levels.

You collected 85 gold pieces.

Inventory:

Hand Weapons
 c - a +0 club (weapon)
Missiles
 b - 66 stones
Armour
 a - a +0 robe (worn)
 g - a +0 buckler
Jewellery
 d - a +6 ring of strength (left hand)


   Skills:
 + Level 1.6 Dodging
 - Level 2.1 Stealth
 * Level 2.3 Spellcasting
 * Level 2.1 Conjurations
 * Level 4.2 Fire Magic


You had 6 spell levels left.
You knew the following spells:

 Your Spells              Type           Power      Damage    Failure   Level
a - Foxfire               Conj/Fire      48%        2x1d6     4%          1

Your spell library contained the following spells:

 Spells                   Type           Power      Damage    Failure   Level
 Conjure Flame            Conj/Fire      12%        6-21      16%         3
 Inner Flame              Hex/Fire       9%         N/A       24%         3
 Sticky Flame             Conj/Fire      12%        2d4       45%         4
 Fireball                 Conj/Fire      6%         3d5       80%         5


Dungeon Overview and Level Annotations

Branches:
Dungeon (2/15)

Altars:

Annotations:
D:4 Menkaure


Innate Abilities, Weirdness & Mutations

You are immune to sickness and miasma.
Your stone body is resilient. (AC +3)
You are immune to poison.
You resist negative energy. (rN+)
You are resistant to electric shocks. (rElec)
You are resistant to unholy torment.
You are immune to petrification.


Message History

Casting: Foxfire (safe; 5% risk of failure)
Confirm with . or Enter, or press ? or * to list all spells.
You conjure some foxfire!
The foxfire hits the gnoll.
The gnoll is severely wounded.
The foxfire hits the gnoll.
You kill the gnoll!
You have reached level 4!
You feel clever.
Casting: Foxfire (safe; 4% risk of failure)
Confirm with . or Enter, or press ? or * to list all spells.
You conjure some foxfire!
The foxfire hits the kobold.
You kill the kobold!
You open the large door.
A ball python and a scorpion come into view.
The ball python hisses angrily.
Found 18 gold pieces, 22 arrows and 20 stones.
Found 13 gold pieces.
The scorpion barely misses you.
There is a large open door here.
The ball python bites you but does no damage.
The ball python misses you. The scorpion stings you.
* * * LOW HITPOINT WARNING * * *
The ball python closely misses you. The ball python misses you.
The scorpion closely misses you. The ball python misses you.
The ball python barely misses you. The scorpion barely misses you. x2
Found a scroll labelled KOCSASHR WEIWI.
The ball python bites you.
* * * LOW HITPOINT WARNING * * *
The ball python barely misses you.
You see here 18 gold pieces.
You aren't carrying any scrolls.
Unknown command.
You aren't carrying any potions.
The ball python closely misses you. The ball python misses you.
The scorpion barely misses you. The ball python barely misses you. x2
The ball python completely misses you. x2
The ball python bites you.
You die...

#.##≈≈≈##... #..
#..##§≈§##. . #.#
#...##§§≈## .. #..
#..(.##≈§§##.. ###
#(....## §##.
#...$..##§§§######
###.......##≈§§##...
#.'.s....$.##≈≈§#..#
#.'@S.......##≈≈≈#.#
##M#############≈§§K.
#..# ##≈≈#. #.##
####. #.# ## #.# #.
#.## #.
#..#################K
##.).§§§Mv.......##..


You could see Menkaure (wandering), a scorpion and a ball python.

Vanquished Creatures
  3 gnolls (D:4)
  A dart slug (D:1)
  2 ball pythons (D:1)
  3 bats (D:1)
  4 endoplasms (D:1)
  2 giant cockroaches
  8 goblins
  3 hobgoblins
  3 frilled lizards (D:1)
  3 kobolds
32 creatures vanquished.

Vanquished Creatures (others)
  111 foxfires
111 creatures vanquished.

Grand Total: 143 creatures vanquished

Notes
Turn   | Place    | Note
-------+----------+-------------------------------------------
     0 | D:1      | funkygono the Gargoyle Fire Elementalist began the quest
                  | for the Orb.
     0 | D:1      | Reached XP level 1. HP: 10/10 MP: 3/3
   408 | D:1      | Reached XP level 2. HP: 15/15 MP: 1/5
  1164 | D:2      | Reached XP level 3. HP: 19/19 MP: 2/6
  1388 | D:2      | You fall into a shaft and drop 2 floors!
  1437 | D:4      | Reached skill level 4 in Fire Magic
  1542 | D:4      | Noticed Menkaure
  1581 | D:4      | Reached XP level 4. HP: 9/24 MP: 2/7
  1590 | D:4      | Noticed a scorpion
  1603 | D:4      | Slain by a ball python

Illustrated notes

Levels and vault maps discovered:
D:1:      dpeg_arrival_arbitrary_a, layout_basic, minmay_pentomino_p4
D:2:      layout_basic, basic_altar, shapermc_ecumenical_altar_hornbeckon,
          nrook_mini_vaults, minmay_goblin_outpost
D:4:      layout_basic, kennysheep_opposing_triangles, uniq_robin, uniq_menkaure

Skill      XL: |  1  2  3 |
---------------+----------+-----
Fire Magic     | 4 |  4.2
Conjurations   | 2 |  2.1
Dodging        | |  1.6
Stealth        | |  2.1
Spellcasting   | |  2.3

Action                   |  1- 3 |  4- 6 || total
-------------------------+-------+-------++-------
Melee: Unarmed           |     3 |       ||     3
 Cast: Foxfire           |    68 |     1 ||    69
  Use: Scroll            |     2 |       ||     2
       Potion            |     1 |       ||     1
Armor: Robe              |     7 |     1 ||     8
Dodge: Dodged            |    20 |    17 ||    37
